 Dungeon Crawl Stone Soup version 0.30.1-1-g62c8e00024 (webtiles) character file.

Game seed: 3702736816836377794

967 LynnLen the Sneak (level 7, 0/32 HPs)
             Began as a Spriggan Enchanter on July 15, 2023.
             Was an Initiate of Dithmenos.
             Splashed by a jelly's acid (5 damage)
             ... on level 5 of the Dungeon.
             The game lasted 00:16:20 (6027 turns).

LynnLen the Sneak (Spriggan Enchanter)              Turns: 6027, Time: 00:16:20

Health: 0/32       AC:  7    Str:  4    XL:     7   Next: 93%
Magic:  2/15       EV: 19    Int: 17    God:    Dithmenos [......]
Gold:   196        SH:  0    Dex: 17    Spells: 5/15 levels left

rFire   x x .        a - +2 dagger
rCold   x x .        (no shield)
rNeg    . . .        b - +0 robe
rPois   +            (helmet restricted)
rElec   .            g - +0 cloak
rCorr   .            (gloves unavailable)
SInv    +            (boots unavailable)
Will    +....        q - amulet of Elemental Vulnerability {rPois rF-- rC-- AC+8}
Stlth   +++          (no ring)
HPRegen 0.25/turn    (no ring)
MPRegen 0.14/turn

%: no passive effects
@: corroded, studying Poison Magic, invisible, very quick
A: very small, no large weapons, unfitting armour, see invisible, speed 3
a: Renounce Religion


You were on level 5 of the Dungeon.
You worshipped Dithmenos.
Dithmenos was noncommittal.
You visited 2 branches of the dungeon, and saw 6 of its levels.

You collected 196 gold pieces.

Inventory:

Hand Weapons
 a - a +2 dagger (weapon)
 n - a +1 vampiric dagger
Missiles
 i - a throwing net
 k - 4 poisoned darts
Armour
 b - a +0 robe (worn)
 g - a +0 cloak (worn)
Jewellery
 d - a ring of resist corrosion
 m - an amulet of faith
 q - the amulet of Elemental Vulnerability (around neck) {rPois rF-- rC-- AC+8}
   (You found it on level 3 of the Dungeon)

   [amulet of nothing]

   AC:        It affects your AC (+8).
   rF:        It makes you very vulnerable to fire.
   rC:        It makes you very vulnerable to cold.
   rPois:     It protects you from poison.
Wands
 v - a wand of charming (2)
Scrolls
 p - a scroll of blinking
 r - a scroll of vulnerability {unknown}
 s - a scroll of fog
 t - a scroll of teleportation {unknown}
 u - a scroll of amnesia {unknown}
Potions
 c - 2 potions of invisibility
 e - a potion of flight {unknown}
 f - 2 potions of resistance {unknown}
 h - 6 potions of curing {unknown}
 j - 2 potions of magic {unknown}
 l - 2 potions of mutation {unknown}
 o - 3 potions of might {unknown}


   Skills:
 + Level 3.4 Short Blades
 + Level 4.9 Dodging
 + Level 6.5 Stealth
 + Level 4.6 Spellcasting
 + Level 5.4 Hexes
 + Level 2.3 Ice Magic
 + Level 2.9 Invocations
 + Level 3.7 Evocations


You had 5 spell levels left.
You knew the following spells:

 Your Spells              Type           Power      Damage    Failure   Level
a - Confusing Touch       Hex            22%        N/A       4%          3
b - Ensorcelled Hibernat  Hex/Ice        34%        N/A       4%          2
c - Tukima's Dance        Hex            22%        N/A       4%          3
d - Poisonous Vapours     Pois/Air       6%         N/A       22%         2

Your spell library contained the following spells:

 Spells                   Type           Power      Damage    Failure   Level
 Apportation              Tloc           6%         N/A       14%         1
 Necrotise                Necr           12%        1d4       14%         1
 Sting                    Tmut/Pois      12%        1d3       14%         1
 Summon Small Mammal      Summ           12%        N/A       14%         1
 Dazzling Flash           Conj/Hex       26%        N/A       14%         3
 Olgreb's Toxic Radiance  Pois           3%         N/A       82%         4


Dungeon Overview and Level Annotations

Branches:
Dungeon (5/15)             Temple (1/1) D:5

Altars:
Ashenzari
Cheibriados
Dithmenos
Gozag
Hepliaklqana
Kikubaaqudgha
Makhleb
Okawaru
Qazlal
Ru
Trog
Uskayaw
Vehumet
Wu Jian
Yredelemnul
Zin
The Shining One

Annotations:
D:4 2 transporters, jujuben's ghost, amateur TrEE


Innate Abilities, Weirdness & Mutations

You are very small and have problems with some larger weapons.
You are too small for most types of armour.
You have supernaturally acute eyesight. (SInv)
You cover ground extremely quickly. (Speed+++)


Message History

You miscast Ensorcelled Hibernation.
You are very lightly contaminated with residual magic.
Nothing appears to happen.
The orc wizard hits you with a +0 dagger.
You don't have enough magic to cast this spell.
You don't have enough magic to cast this spell.
Unknown command.
You don't have enough magic to cast this spell.
You enter the shallow water.
Moving in this stuff is going to be slow.
Your magical contamination has completely faded away.
A jelly comes into view.
The jelly quivers.
Aiming: Ensorcelled Hibernation (safe; 4% risk of failure)
Press: ? - help, Q - select action, (/) - cycle Shift-Dir - straight line, f - jelly
Aim: a jelly (chance to affect: 59%)
The jelly resists with significant effort.
The jelly hits you but does no damage.
You hit the jelly.
Your hands burn!
The jelly is moderately wounded.
The jelly hits you but does no damage.
You hit the jelly.
Your hands burn!
The jelly is moderately wounded.
The jelly misses you.
You hit the jelly.
Your hands burn!
The jelly is severely wounded.
You hit the jelly. The acid corrodes you!
Your hands burn!
* * * LOW HITPOINT WARNING * * *
The jelly is almost dead.
The jelly completely misses you.
You fade into invisibility!
The jelly barely misses you. The jelly hits you but does no damage.
The orc wizard hits you but does no damage.
You barely miss the orc wizard.
The orc wizard is moderately wounded.
The orc wizard hits you with a +0 dagger.
* * * LOW HITPOINT WARNING * * *
You hit the jelly but do no damage.
Your hands burn!
You die...

...♣.....# #o###)~~≈~~≈≈≈≈≈# #
.?........# #..##.~≈.≈≈≈≈≈# ###
..♣........####.....~≈≈~#######.#
$.......!..+.......~~~~...<......
...[.......####...#~~~≈..###....#
###.......## ##.##.~~~≈.# #.#.##
####.~~≈~.###.###
#####..~~~~.##...#
#.J@o..~~~~..#...###
#.###..~.~≈......... #.#
##.~.≈~~##.####. #.# #.~~~..##.#
#≈ #.# #.~.~~.##.# #. ###
##~≈~≈.##.## #. ##≈~~≈≈.#...###≈
#≈≈≈≈~~..#.#.##~ ≈≈≈≈≈≈...#....≈~


You could see a jelly and an orc wizard (unable to see you).

Vanquished Creatures
  Sigmund (D:5)
  A water moccasin (D:5)
  An ice beast (D:3)
  Blork the orc (D:5)
  A scorpion (D:5)
  A howler monkey (D:5)
  A hound (D:5)
  2 orc priests
  Ijyb (D:5)
  An iguana (D:5)
  4 orc wizards
  A sleepcap (D:5)
  4 gnolls (D:3)
  5 adders
  A white imp (D:5)
  3 worms
  14 orcs
  6 ball pythons
  5 bats
  3 endoplasms
  6 giant cockroaches
  7 goblins
  4 hobgoblins
  5 quokkas
  A frilled lizard (D:1)
  5 kobolds
  10 rats
95 creatures vanquished.

Notes
Turn   | Place    | Note
-------+----------+-------------------------------------------
     0 | D:1      | LynnLen the Spriggan Enchanter began the quest for the Orb.
     0 | D:1      | Reached XP level 1. HP: 9/9 MP: 5/5
   173 | D:1      | Reached XP level 2. HP: 11/13 MP: 6/6
  1015 | D:1      | Reached XP level 3. HP: 11/16 MP: 8/8
  1023 | D:1      | Learned a level 3 spell: Confusing Touch
  1026 | D:1      | Learned a level 2 spell: Ensorcelled Hibernation
  1030 | D:1      | Learned a level 3 spell: Tukima's Dance
  1558 | D:2      | Reached skill level 1 in Evocations
  1644 | D:2      | Found a bloodstained altar of Trog.
  2357 | D:3      | Reached XP level 4. HP: 21/21 MP: 9/9
  2568 | D:3      | Reached skill level 1 in Invocations
  2620 | D:3      | Found the amulet of Elemental Vulnerability {rPois rF--
                  | rC-- AC+8}
  2663 | D:3      | Found a hide-covered altar of Uskayaw.
  2664 | D:3      | Found a broken altar of Ashenzari.
  2667 | D:3      | Found a basalt altar of Yredelemnul.
  2845 | D:3      | Reached skill level 1 in Ice Magic
  2847 | D:3      | Reached skill level 5 in Stealth
  3186 | D:3      | Reached XP level 5. HP: 24/24 MP: 11/11
  3222 | D:3      | Noticed an ice beast
  3245 | D:3      | Killed an ice beast
  3622 | D:3      | Found a radiant altar of Vehumet.
  3649 | D:3      | Found an iron altar of Okawaru.
  3903 | D:4      | Found a transporter.
  4284 | D:4      | Reached XP level 6. HP: 28/28 MP: 12/12
  4343 | D:4      | Learned a level 2 spell: Poisonous Vapours
  4346 | D:4      | Found a hazy altar of Hepliaklqana.
  4346 | D:4      | Found a burning altar of Makhleb.
  4358 | D:4      | Found a transporter.
  4358 | D:4      | Noticed jujuben's ghost (amateur TrEE)
  5060 | D:5      | Entered Level 5 of the Dungeon
  5129 | D:5      | Noticed Ijyb
  5262 | D:5      | Noticed Blork the orc
  5283 | D:5      | Killed Ijyb
  5551 | D:5      | Killed Blork the orc
  5552 | D:5      | Reached XP level 7. HP: 31/32 MP: 11/14
  5738 | D:5      | Found a staircase to the Ecumenical Temple.
  5755 | D:5      | Reached skill level 5 in Hexes
  5783 | Temple   | Entered the Ecumenical Temple
  5819 | Temple   | Became a worshipper of Dithmenos the Shadowed
  5868 | D:5      | Noticed Sigmund
  5882 | D:5      | Killed Sigmund
  5883 | D:5      | Reached skill level 6 in Stealth
  6027 | D:5      | Splashed by a jelly's acid

Illustrated notes

Levels and vault maps discovered:
D:1:      dpeg_arrival_prison, layout_basic
D:2:      layout_loops_cross, basic_altar
D:3:      layout_loops_corners, jmf_multi_god_temple,
          gammafunk_temple_overflow_forgotten
D:4:      layout_layer_cave, gammafunk_temple_overflow_wave,
          gammafunk_ghost_mausoleum
D:5:      layout_loops_corners, nzn_overflow_gifts_of_might_and_magic,
          minmay_temple_entry_nine_rooms, serial_rivers,
          chequers_serial_rivers_small_a, chequers_serial_rivers_large_b,
          chequers_serial_rivers_small_3, chequers_serial_rivers_micro_b,
          chequers_serial_rivers_large_a, chequers_garden, uniq_blork_the_orc,
          uniq_ijyb, uniq_sigmund
Temple:   compressed_dpeg_triangle_lava_temple

Skill      XL: |  1  2  3  4  5  6  7 |
---------------+----------------------+-----
Dodging        | 3 4 |  4.9
Hexes          | 4 5 |  5.4
Spellcasting   | 3 4 |  4.6
Evocations     | 1 2 3 |  3.7
Invocations    | 1 2 |  2.9
Short Blades   | 2 3 |  3.4
Ice Magic      | 1 2 |  2.3
Stealth        | 5 6 |  6.5

Action                     |  1- 3 |  4- 6 |  7- 9 || total
---------------------------+-------+-------+-------++-------
  Melee: Dagger            |   159 |   117 |    51 ||   327
         Punch             |       |     2 |     1 ||     3
  Throw: Dart              |     3 |       |       ||     3
   Cast: Ensorcelled Hiber |     2 |    32 |    18 ||    52
         Confusing Touch   |       |     2 |     1 ||     3
    Use: Scroll            |     5 |     1 |       ||     6
         Potion            |       |       |     1 ||     1
   Stab: Sleeping          |    12 |    22 |    10 ||    44
         Confused          |       |     3 |       ||     3
         Distracted        |       |       |     1 ||     1
 Armour: Robe              |    22 |    19 |    11 ||    52
  Dodge: Dodged            |   117 |    64 |    32 ||   213
